 Dungeon Crawl Stone Soup version 0.29.1-4-g47bece8355 (webtiles) character file.

Game seed: 11990839761239920124

1 ChadusMaximus the Caller (level 1, 0/13 HPs)
             Began as a Human Summoner on Dec 9, 2022.
             Slain by a bat (1 damage)
             ... on level 1 of the Dungeon.
             The game lasted 00:00:12 (68 turns).

ChadusMaximus the Caller (Human Summoner)             Turns: 68, Time: 00:00:13

Health: 0/13       AC:  2    Str:  8    XL:     1   Next: 22%
Magic:  1/3        EV: 12    Int: 15    God:
Gold:   0          SH:  0    Dex: 13    Spells: 3/4 levels left

rFire   . . .      SeeInvis .   (no weapon)
rCold   . . .      Faith    .   (no shield)
rNeg    . . .      Spirit   .   a - +0 robe
rPois   .          Reflect  .   (no helmet)
rElec   .          Harm     .   (no cloak)
rCorr   .          Rampage  .   (no gloves)
Will    .....                   (no boots)
Stlth   ++........              (no amulet)
HPRegen 0.04/turn               (no ring)
MPRegen 0.08/turn               (no ring)

@: no status effects
A: no striking features
a: no special abilities


You were on level 1 of the Dungeon.
You visited 1 branch of the dungeon, and saw 1 of its levels.

Inventory:

Armour
 a - a +0 robe (worn)
Jewellery
 c - a +4 ring of evasion
Potions
 b - a potion of magic


   Skills:
 + Level 2.0 Dodging
 + Level 2.0 Stealth
 + Level 2.0 Spellcasting
 + Level 4.0 Summonings


You had 3 spell levels left.
You knew the following spells:

 Your Spells              Type           Power      Damage    Failure   Level
a - Summon Small Mammal   Summ           52%        N/A       4%          1

Your spell library contained the following spells:

 Spells                   Type           Power      Damage    Failure   Level
 Call Imp                 Summ           13%        N/A       6%          2
 Call Canine Familiar     Summ           13%        N/A       13%         3
 Summon Guardian Golem    Hex/Summ       7%         N/A       28%         3
 Summon Lightning Spire   Summ/Air       7%         N/A       67%         4


Dungeon Overview and Level Annotations

Branches:
Dungeon (1/15)

Altars:


Message History

The bat closely misses you.
Your rat closely misses the bat.
The hobgoblin hits your bat.
Your bat dies!
Your bat's corpse disappears in a puff of smoke!
The bat closely misses you.
Your rat misses the bat. The bat hits you.
Your rat bites the kobold.
The hobgoblin completely misses your rat.
The bat closely misses you.
The kobold throws a stone.
The stone hits you.
* * * LOW HITPOINT WARNING * * *
Your rat barely misses the kobold.
The hobgoblin hits your rat.
Your rat dies!
Your rat's corpse disappears in a puff of smoke!
The bat barely misses you. The bat barely misses you.
The bat attacks as you move away! The bat hits you but does no damage. x2
The kobold throws a stone.
The stone hits you but does no damage.
Casting: Summon Small Mammal (safe; 4% risk of failure)
Confirm with . or Enter, or press ? or * to list all spells.
The bat hits you.
* * * LOW HITPOINT WARNING * * *
The kobold attacks as you move away! The kobold closely misses you.
Your bat hits the kobold but does no damage. x2
The kobold throws a stone.
The stone hits you but does no damage. The bat hits you.
* * * LOW HITPOINT WARNING * * *
Your bat hits the kobold but does no damage.
The kobold misses your bat.
The hobgoblin completely misses your bat.
The bat hits your bat but does no damage.
Your bat hits the hobgoblin but does no damage.
Your bat hits the kobold. The bat closely misses your bat.
Your bat barely misses the bat.
The kobold throws a stone.
The stone barely misses you.
Your bat hits the kobold.
The kobold dies!
The hobgoblin attacks as you move away!
The hobgoblin hits you but does no damage.
Your bat hits the bat but does no damage.
The bat hits you.
You die...

#########...#
............#
#..............#
#..............#
...............#
#............##
#............##
##.............##
.#.....>....)...@#
†............b.b.#
................g#
.#............)..#
.................#
.................#
................##
#.##.....#.....##
#. ###.[########


You could see a hobgoblin (ally target), a bat and a friendly bat (summoned).

Vanquished Creatures (collateral kills)
  A frilled lizard (D:1)
  A kobold (D:1)
2 creatures vanquished.

Notes
Turn   | Place    | Note
-------+----------+-------------------------------------------
     0 | D:1      | ChadusMaximus the Human Summoner began the quest for the
                  | Orb.
     0 | D:1      | Reached XP level 1. HP: 13/13 MP: 3/3
    68 | D:1      | Slain by a bat

Illustrated notes

Levels and vault maps discovered:
D:1:      minmay_arrival_up_and_down, layout_rooms,
          shapermc_ecumenical_altar_rom_forum

Action                   || total
-------------------------++-------
Melee: Unarmed           ||     5
 Cast: Summon Small Mamm ||     4
Armor: Robe              ||     8
Dodge: Dodged            ||    22
